 Dungeon Crawl Stone Soup version 0.31-a0-986-g5e6e4ef867 (webtiles) character file.

Game seed: 13278595976536889194

14513 timneilson the Grappler (level 12, -5/84 HPs)
             Began as an Octopode Shapeshifter on Nov 11, 2023.
             Was an Initiate of Gozag.
             Slain by an orc warrior
             ... wielding a +0 trident
              (14 damage)
             ... on level 12 of the Dungeon.
             The game lasted 00:28:41 (11688 turns).

timneilson the Grappler (Octopode Shapeshifter)    Turns: 11688, Time: 00:28:42

Health: -5/84      AC:  1    Str: 17    XL:     12   Next: 17%
Magic:  19/19      EV: 23    Int: 13    God:    Gozag
Gold:   746        SH:  0    Dex: 18    Spells: 21/21 levels left

rFire   + .          .
                       - Unarmed
rCold   . . .        (shield currently unavailable)
rNeg    . . .        (helmet restricted)
rPois   .            (no amulet)
rElec   .            k - +6 ring of dexterity
rCorr   +            h - ring of protection from fire
SInv    .            y - ring of Activism {rCorr Slay+5 Stlth+}
Will    .....        z - +5 ring of evasion
Stlth   +++          (no ring)
HPRegen 0.34/turn    (no ring)
MPRegen 0.16/turn    (no ring)
                     (no ring)

%: no passive effects
@: flux-form, glowing
A: glow, contaminating, almost no armour, amphibious, 8 rings, camouflage 1,
gelatinous body 1, (nimble swimmer 1), tentacles
a: Begin Untransformation, Renounce Religion, Potion Petition, Call Merchant,
Bribe Branch


You were on level 12 of the Dungeon.
You worshipped Gozag.
Gozag was pleased with you.
You were something dangerously unstable.
You visited 2 branches of the dungeon, and saw 13 of its levels.
You also visited: Sewer.

You collected 2191 gold pieces.
You spent 954 gold pieces at shops.
You paid 491 gold pieces to Gozag.

Inventory:

Jewellery
 h - a ring of protection from fire (right tentacle)
 k - a +6 ring of dexterity (left tentacle)
 y - the ring of Activism (on tentacle) {rCorr Slay+5 Stlth+}
   (You bought it in a shop on level 9 of the Dungeon)

   [ring of resist corrosion]

   Slay+5:    It affects your accuracy & damage with ranged weapons and melee
   (+5).
   rCorr:     It protects you from acid and corrosion.
   Stlth+:    It makes you more stealthy.
 z - a +5 ring of evasion (on tentacle)
Talismans
 b - a beast talisman
 c - a flux talisman (active)
 C - a granite talisman
Wands
 j - a wand of light (10)
 s - a wand of charming (10)
 x - a wand of flame (3)
 B - a wand of roots (3)
Scrolls
 d - 4 scrolls of identify
 e - a scroll of poison
 f - 7 scrolls of teleportation
 i - a scroll of blinking
 l - 2 scrolls of fog
 m - 2 scrolls of silence
 n - a scroll of vulnerability
 t - a scroll of enchant armour
 u - a scroll of immolation
 A - a scroll of amnesia {unknown}
Potions
 a - 2 potions of lignification
 g - a potion of magic
 o - a potion of invisibility
 p - 4 potions of brilliance
 r - a potion of might
 v - 3 potions of mutation
 w - 2 potions of attraction


   Skills:
 * Level 8.4 Fighting
 * Level 8.6 Dodging
 + Level 8.6 Stealth
 * Level 8.9 Unarmed Combat
 + Level 5.1 Spellcasting
 + Level 6.1 Evocations
 * Level 8.3 Shapeshifting


You had 21 spell levels left.
You didn't know any spells.
Your spell library contained the following spells:

 Spells                   Type           Power      Damage    Failure   Level
 Sandblast                Erth           6%         2d5       19%         1
 Sting                    Tmut/Pois      12%        1d3       19%         1
 Passwall                 Tmut/Erth      2%         N/A       28%         2
 Poisonous Vapours        Pois/Air       6%         N/A       28%         2
 Sublimation of Blood     Necr           3%         N/A       28%         2
 Dazzling Flash           Conj/Hex       6%         N/A       50%         3
 Stone Arrow              Conj/Erth      6%         3d7       50%         3
 Volatile Blastmotes      Fire/Tloc      6%         2d10      50%         3
 Brom's Barrelling Bould  Conj/Erth      3%         2d3       88%         4
 Olgreb's Toxic Radiance  Pois           3%         N/A       88%         4
 Petrify                  Tmut/Erth      3%         N/A       88%         4
 Irradiate                Conj/Tmut      1%         3d12      99%         5
 Conjure Ball Lightning   Conj/Air       1%         3x3d6     100%        6
 Starburst                Conj/Fire      1%         6d3       100%        6
 Haunt                    Necr/Summ      1%         N/A       100%        7
 Borgnjor's Revivificati  Necr           1%         N/A       100%        8
 Discord                  Hex            1%         N/A       100%        8
 Disjunction              Tloc           1%         N/A       100%        8
 Maxwell's Capacitive Co  Air            1%         ∞         100%        8
 Death's Door             Necr           1%         N/A       100%        9


Dungeon Overview and Level Annotations

Branches:
Dungeon (11/15)            Temple (1/1) D:4            Lair (0/5) D:11
    Orc (0/2) D:12          Sewer (visited)

Altars:
Ashenzari
Cheibriados
Dithmenos
Elyvilon
Fedhas
Gozag
Hepliaklqana
Kikubaaqudgha
Makhleb
Nemelex Xobeh
Okawaru
Qazlal
Ru
Sif Muna
Trog
Uskayaw
Vehumet
Wu Jian
Xom
Yredelemnul
Zin
The Shining One

Shops:
D:8 :   D:9 =(

Annotations:
D:5 1 runed translucent door, Crazy Yiuf


Innate Abilities, Weirdness & Mutations

You are something dangerously unstable.
You glow with magical radiation, making you easy to see and hit.
Foes you strike become dangerously contaminated with magical radiation.
You are incapable of wielding weapons or throwing items.
You cannot wear most types of armour.
You are amphibious.
You can wear up to eight rings at the same time.
Your skin changes colour to match your surroundings (Stealth+).
Your rubbery body absorbs attacks. (AC +1, EV +1)
((You are camouflaged when in or above water. (Stealth+)))
You have tentacles for arms and can constrict up to eight enemies at once.


Message History

You tentacle-slap the manticore but do no damage.
The manticore glows dangerously bright.
The manticore is moderately wounded.
The manticore misses you. The manticore claws you! The manticore claws you.
An orc comes into view. It is wielding a +0 club.
The orc shouts!
You tentacle-slap the manticore.
The manticore shudders as magic cascades through it!
The manticore twists and deforms.
The manticore is heavily wounded.
You hear a shout!
The manticore completely misses you. The manticore claws you. x2
The orc throws a boomerang.
The boomerang completely misses you.
You tentacle-slap the manticore.
The manticore begins to glow.
You squeeze the manticore.
The manticore is heavily wounded.
The manticore completely misses you. x2
The manticore claws you but does no damage.
An ogre comes into view. It is wielding a +0 giant spiked club.
You tentacle-slap the manticore.
The manticore glows dangerously bright.
The manticore is severely wounded.
The manticore closely misses you. x2; The manticore completely misses you.
The orc warrior hits you from afar with a +0 trident!
You tentacle-slap the manticore.
The manticore shudders as magic cascades through it.
The manticore twists and deforms.
The manticore is severely wounded.
The manticore bites you! The manticore closely misses you.
The manticore misses you. The orc hits you with a +0 club.
The orc warrior hits you from afar with a +0 trident!
You completely miss the manticore.
The manticore is severely wounded.
The manticore bites you!
* * * LOW HITPOINT WARNING * * *
The manticore closely misses you. The manticore misses you.
The orc hits you with a +0 club.
* * * LOW HITPOINT WARNING * * *
The orc warrior hits you from afar with a +0 trident!
You die...
Your body crumbles into a pile of gold.

..%..# ..#### #
## ..# . >. ..#
#.### #. # ..#
#.. .#. #.#. #.#
...#####..##O..
######
..##.#.#...o#
.$# ..#....##oH#
# 9TC#
#.#.#.#.#p###..#
##e.
#.##....$....#
###
#.#....##..###
.###
#.).#..#.#....
...#####$######.
.#### ......#$.#
## ## ......)).#
##....##.$......
#######........


You could see a manticore (misshapen), an orc warrior, an ogre and an orc.

Vanquished Creatures
  A boulder beetle (D:11)
  3 two-headed ogres
  Sonja (D:10)
  Pikel (D:5)
  A deep elf pyromancer (D:12)
  An ugly thing (D:12)
  Maurice (D:10)
  Joseph (D:10)
  Maggie (D:6)
  An unseen horror (D:11)
  A kobold demonologist (D:11)
  Jeremiah (D:6)
  A hornet (D:10)
  14 yaks
  A shadow (D:11)
  Eustachio (D:5)
  3 wyverns
  2 steam dragons (D:7)
  A wraith (D:12)
  A basilisk (D:11)
  7 vampire mosquitoes
  Edmund (D:4)
  4 water moccasins (D:11)
  A warg (D:12)
  2 acid dragons
  Duvessa (D:6)
  2 sky beasts
  3 black bears
  2 orc warriors
  An ogre (D:5)
  8 centaurs
  2 lemures (D:5)
  A phantom (D:5)
  2 kobold brigands
  Blork the orc (D:6)
  4 bullfrogs (D:8)
  2 scorpions
  Dowan (D:6)
  7 killer bees
  2 howler monkeys
  2 hounds
  A jelly (D:4)
  3 orc priests
  2 gnoll boudas
  2 sleepcaps (D:7)
  7 orc wizards
  4 iguanas
  11 gnolls
  9 adders
  2 river rats (Sewer)
  A shadow imp (D:6)
  3 white imps
  4 ufetubi
  A worm (D:3)
  2 dart slugs (D:3)
  24 orcs
  10 ball pythons
  7 endoplasms
  2 giant cockroaches
  2 goblins
  5 hobgoblins
  4 jackals (D:3)
  3 quokkas
  6 bats
  4 frilled lizards
  32 kobolds
  20 rats
265 creatures vanquished.

Notes
Turn   | Place    | Note
-------+----------+-------------------------------------------
     0 | D:1      | timneilson the Octopode Shapeshifter began the quest for
                  | the Orb.
     0 | D:1      | Reached XP level 1. HP: 13/13 MP: 1/1
   197 | D:1      | Reached XP level 2. HP: 14/18 MP: 2/2
   630 | D:1      | Found a faded altar of an unknown god.
   816 | D:2      | Reached XP level 3. HP: 18/23 MP: 3/3
  1457 | D:3      | Reached skill level 1 in Stealth
  1555 | D:3      | Reached XP level 4. HP: 26/29 MP: 4/4
  1765 | D:3      | Found a sparkling altar of Nemelex Xobeh.
  2067 | D:4      | Noticed a black bear
  2071 | D:4      | Killed a black bear
  2072 | D:4      | Reached XP level 5. HP: 24/34 MP: 4/6
  2120 | D:4      | Noticed Edmund
  2137 | D:4      | Killed Edmund
  2138 | D:4      | Reached skill level 1 in Spellcasting
  2138 | D:4      | Reached skill level 1 in Evocations
  2138 | D:4      | Reached XP level 6. HP: 15/41 MP: 7/7
  2239 | D:4      | Found a basalt altar of Yredelemnul.
  2351 | D:4      | Found a staircase to the Ecumenical Temple.
  2364 | Temple   | Entered the Ecumenical Temple
  2370 | Temple   | Became a worshipper of Gozag Ym Sagoz the Greedy
  2553 | D:4      | Found a white marble altar of Elyvilon.
  2900 | D:5      | Entered Level 5 of the Dungeon
  2970 | D:5      | Reached XP level 7. HP: 31/46 MP: 7/9
  3058 | D:5      | Found a stormy altar of Qazlal.
  3059 | D:5      | Found an ornate altar of the Wu Jian Council.
  3059 | D:5      | Found a shimmering blue altar of Sif Muna.
  3061 | D:5      | Found an ancient bone altar of Kikubaaqudgha.
  3061 | D:5      | Found a shadowy altar of Dithmenos.
  3063 | D:5      | Found a radiant altar of Vehumet.
  3064 | D:5      | Found a glowing silver altar of Zin.
  3222 | D:5      | Found a glowing drain.
  3226 | Sewer    | Entered a sewer
  3620 | Sewer    | Reached XP level 8. HP: 53/53 MP: 10/10
  3809 | D:5      | Noticed Pikel
  4136 | D:5      | Noticed Eustachio
  4147 | D:5      | Killed Eustachio
  4151 | D:5      | Reached skill level 5 in Unarmed Combat
  4557 | D:5      | Found a runed translucent door.
  4558 | D:5      | Noticed Crazy Yiuf
  4605 | D:5      | Killed Pikel
  4606 | D:5      | Reached skill level 5 in Shapeshifting
  4727 | D:6      | Reached skill level 5 in Dodging
  4778 | D:6      | Noticed Blork the orc
  4793 | D:6      | Killed Blork the orc
  5067 | D:6      | Noticed Jeremiah
  5076 | D:6      | Killed Jeremiah
  5077 | D:6      | Reached XP level 9. HP: 25/60 MP: 11/13
  5252 | D:6      | Noticed Maggie
  5315 | D:6      | Killed Maggie
  5316 | D:6      | Reached skill level 5 in Fighting
  5316 | D:6      | Reached skill level 5 in Stealth
  5682 | D:6      | Noticed Duvessa
  5682 | D:6      | Noticed Dowan
  5692 | D:6      | Killed Duvessa
  5701 | D:6      | Killed Dowan
  6512 | D:7      | Reached XP level 10. HP: 68/68 MP: 15/15
  7309 | D:8      | Found Guag's Book Shop.
  7469 | D:8      | HP: 3/69 [yak (16)]
  8472 | D:9      | Found Fuskiec's Antique Weapon Shop.
  8472 | D:9      | Found a hide-covered altar of Uskayaw.
  8669 | D:9      | Found a bloodstained altar of Trog.
  8798 | D:9      | Reached skill level 5 in Evocations
  9025 | D:9      | Found a broken altar of Ashenzari.
  9081 | D:9      | Bought the ring of Activism {rCorr Slay+5 Stlth+} for 558
                  | gold pieces
  9081 | D:9      | Bought a +5 ring of evasion for 396 gold pieces
  9087 | D:10     | Entered Level 10 of the Dungeon
  9095 | D:10     | Noticed Sonja
  9101 | D:10     | Killed Sonja
  9102 | D:10     | Reached XP level 11. HP: 49/75 MP: 17/17
  9129 | D:10     | Noticed Joseph
  9141 | D:10     | Killed Joseph
  9323 | D:10     | Noticed a two-headed ogre
  9333 | D:10     | Killed a two-headed ogre
  9720 | D:10     | Noticed Maurice
  9727 | D:10     | Killed Maurice
  9798 | D:11     | Noticed a boulder beetle
 10860 | D:11     | Killed a boulder beetle
 11071 | D:11     | Found a staircase to the Lair.
 11212 | D:11     | You fall into a shaft and drop 1 floor!
 11280 | D:12     | Noticed a purple ugly thing
 11296 | D:12     | Killed a green ugly thing
 11374 | D:12     | Noticed a cyclops
 11375 | D:12     | Noticed a deep elf pyromancer
 11382 | D:12     | Noticed a two-headed ogre
 11390 | D:12     | Killed a two-headed ogre
 11391 | D:12     | Reached skill level 5 in Spellcasting
 11391 | D:12     | Reached XP level 12. HP: 60/83 MP: 19/19
 11398 | D:12     | Noticed a two-headed ogre
 11412 | D:12     | Killed a two-headed ogre
 11418 | D:12     | HP: 2/84 [deep elf pyromancer/bolt of fire (13)]
 11671 | D:12     | Found a staircase to the Orcish Mines.
 11688 | D:12     | Slain by an orc warrior

Illustrated notes

Levels and vault maps discovered:
D:1:      erik_arrival_blinker_ship, layout_basic,
          hellmonk_ecumenical_altar_inner_sanctum
D:2:      layout_basic
D:3:      layout_basic, nemelex_altar_shiori
D:4:      layout_loops_ring, elyvilon_altar_1, mainiacjoe_overflow_paths,
          minmay_temple_entry_drinking_statues, uniq_edmund
D:5:      layout_gridville, grunt_temple_overflow_open, gup_sewer_entry_bowl,
          st_stairs_12, uniq_pikel, uniq_crazy_yiuf_cottage, uniq_eustachio
D:6:      layout_loops_cross, kennysheep_cross_room, uniq_jeremiah, uniq_maggie,
          uniq_duvessa, uniq_blork_the_orc
D:7:      layout_rooms, grunt_tough_drop
D:8:      layout_loops_ring, serial_shops, shop
D:9:      layout_roguey, kennysheep_little_box, mainiacjoe_overflow_catwalk,
          marbit_many_paths, serial_shops, nicolae_shop_dealshenge
D:10:     layout_rooms, minmay_sticks_and_stones, uniq_maurice, uniq_sonja,
          uniq_joseph
D:11:     layout_cave_pools, minmay_lair_entry_grove, hangedman_ranch
D:12:     layout_basic, erik_orc_3, lightli_corner_chamber
Temple:   nicolae_temple_cloud_nine

Skill      XL: |  1  2  3  4  5  6  7  8  9 10 11 |
---------------+----------------------------------+-----
Stealth        | 1 2 3 4 5 7 8 |  8.6
Fighting       | 2 3 4 5 7 8 |  8.4
Dodging        | 3 4 5 6 7 8 |  8.6
Unarmed Combat | 4 5 6 7 8 |  8.9
Spellcasting   | 1 2 3 4 5 |  5.1
Evocations     | 1 2 3 4 5 6 |  6.1
Shapeshifting  | 4 5 6 7 8 |  8.3

Action                     |  1- 3 |  4- 6 |  7- 9 | 10-12 || total
---------------------------+-------+-------+-------+-------++-------
  Melee: Unarmed           |    68 |    76 |   224 |   348 ||   716
         Constrict         |    21 |    14 |    50 |    55 ||   140
         Tentacles         |    12 |    24 |    63 |   101 ||   200
         Punch             |     1 |     1 |     7 |    12 ||    21
 Invoke: Call Merchant     |       |       |       |     1 ||     1
  Evoke: Wand              |       |       |     9 |    11 ||    20
    Use: Scroll            |     9 |     6 |     5 |     2 ||    22
         Potion            |       |       |     2 |     8 ||    10
   Stab: Sleeping          |     4 |     3 |    14 |    11 ||    32
         Distracted        |     1 |       |       |     2 ||     3
         Invisible         |       |       |       |     2 ||     2
 Armour: Skin              |    23 |    22 |   103 |   150 ||   298
  Dodge: Dodged            |    53 |    42 |   137 |   294 ||   526
   Form: Flux              |       |       |       |     1 ||     1

Table legend: (Time is in decaauts)
 A = Elapsed time spent in this place.
 B = Non-inter-level travel time spent in this place.
 C = Inter-level travel time spent in this place.
 D = Time resting spent in this place.
 E = Time spent auto-exploring this place.
 F = Levels seen in this place.
 G = Mean time per level.
                   A        B        C        D        E       F      G
               +--------+--------+--------+--------+--------+-----+--------+
         Total |  11596 |  11250 |    346 |   1887 |   6607 |  14 |  828.3 |
       Dungeon |  11028 |  10687 |    341 |   1887 |   6270 |  12 |  919.0 |
        Temple |     12 |      7 |      5 |      0 |      0 |   1 |   12.0 |
         Sewer |    555 |    555 |      0 |      0 |    337 |   1 |  555.0 |
               +--------+--------+--------+--------+--------+-----+--------+

Top non-repeatable levels by time:
     D:6: 1294 daAuts
    D:10: 1225 daAuts
     D:5: 1223 daAuts
     D:8: 1133 daAuts
     D:9: 1064 daAuts
     D:4: 876 daAuts
    D:11: 865 daAuts
     D:7: 817 daAuts
     D:1: 745 daAuts
     D:3: 661 daAuts
     D:2: 653 daAuts
   Sewer: 555 daAuts
    D:12: 467 daAuts
  Temple: 12 daAuts
